 Dungeon Crawl Stone Soup version 0.30.0-20-g3615ddf2f0 (webtiles) character file.

Game seed: 13120109649790846267

329 qw the Chopper (level 6, -5/37 HPs)
             Began as a Gargoyle Fighter on May 27, 2023.
             Killed by divine providence
             ... invoked by an orc priest
              (12 damage)
             ... on level 4 of the Dungeon.
             The game lasted 00:01:21 (2543 turns).

qw the Chopper (Gargoyle Fighter)                   Turns: 2543, Time: 00:01:22

Health: -5/37      AC: 18    Str: 20 (21) XL:     6   Next: 51%
Magic:  6/6        EV:  5    Int:  9      God:
Gold:   201        SH:  4    Dex:  8 (9)  Spells: 5/5 levels left

rFire   . . .        Y - +1 war axe
rCold   . . .        c - +0 buckler
rNeg    + . .        f - +0 plate armour
rPois   inf          k - +0 helmet
rElec   +            (no cloak)
rCorr   .            g - +0 pair of gloves
SInv    .            (no boots)
Will    .....        (no amulet) Stlth
                     (no ring)
HPRegen 0.26/turn    (no ring)
MPRegen 0.10/turn

%: clarity
@: about to teleport
A: sickness immunity, AC +4, negative energy resistance 1, electricity
resistance, torment resistance 1, petrification resistance, clarity,
deterioration 1
a: no special abilities


You were on level 4 of the Dungeon.
You visited 1 branch of the dungeon, and saw 4 of its levels.

You collected 201 gold pieces.


Innate Abilities, Weirdness & Mutations

You are immune to sickness and miasma.
Your stone body is resilient. (AC +4)
You are immune to poison.
You resist negative energy. (rN+)
You are resistant to electric shocks. (rElec)
You are resistant to unholy torment.
You are immune to petrification.
You possess an exceptional clarity of mind.
Your body sometimes deteriorates upon taking damage.


   Skills:
 + Level 3.3 Fighting
 - Level 6.1 Axes
 - Level 3.2 Armour
 - Level 3.2 Shields


You had 5 spell levels left.
You didn't know any spells.
Your spell library was empty.

Inventory:

Hand Weapons
 h - a +0 whip
 Y - a +1 war axe (weapon)
Armour
 c - a +0 buckler (worn)
 f - a +0 plate armour (worn)
 g - a +0 pair of gloves (worn)
 k - a +0 helmet (worn)
Scrolls
 a - 5 scrolls of teleportation
 i - 2 scrolls of identify
Potions
 d - 2 potions of might
 e - a potion of attraction
 n - a potion of curing

Dungeon Overview and Level Annotations

Branches:
Dungeon (4/15)
 Temple: D:4-7

Altars:


Message History

The orc priest hits you but does no damage.
The ufetubus hits you but does no damage. x2
You closely miss the orc priest.
The orc priest is almost dead.
You miss the ufetubus.
The orc priest hits you but does no damage.
The ufetubus barely misses you.
The ufetubus hits you but does no damage.
The orc priest begins to cast a cantrip, but forgets the words!
You closely miss the orc priest.
The orc priest is almost dead.
You miss the ufetubus. You block the ufetubus's attack. x2
The ufetubus hits you but does no damage. x2
The orc priest hits you but does no damage.
The orc priest calls down the wrath of Beogh upon you.
Beogh smites you!
Your body deteriorates!
You feel clumsy.
You hit the orc priest.
The orc priest is almost dead.
You miss the ufetubus.
The ufetubus hits you but does no damage.
The ufetubus barely misses you. x2
The ufetubus hits you but does no damage.
The orc priest hits you but does no damage.
You barely miss the orc priest.
The orc priest is almost dead.
You hit the ufetubus. The ufetubus barely misses you.
The ufetubus completely misses you.
The orc priest calls down the wrath of Beogh upon you.
Beogh smites you!
Your body deteriorates!
You feel weakened.
The ufetubus hits you but does no damage. x2
2543 ||| READING 6 scrolls of teleportation.
As you read the scroll of teleportation, it crumbles to dust.
You feel strangely unstable. The ufetubus barely misses you.
You block the ufetubus's attack.
The orc priest mumbles some strange prayers to Beogh against you.
Beogh smites you!
You die... #### ## ....##. ....... ....... ....h ooo

#5## #o@# #
##.# #.###.#
#...#.###.###
#.<........
##.........
#.........
#.......>.
#.........


You could see a hound, 2 orc priests, 2 orcs and an ufetubus.

Vanquished Creatures
  Grinder (D:3)
  Jessica (D:3)
  Robin (D:2)
  A gnoll (D:3)
  2 adders
  A dart slug (D:1)
  4 orcs (D:3)
  2 ball pythons (D:3)
  5 bats
  2 endoplasms
  2 giant cockroaches
  11 goblins
  8 hobgoblins
  4 jackals (D:2)
  5 quokkas
  6 frilled lizards
  10 kobolds
  5 rats
71 creatures vanquished.

Notes
Turn   | Place    | Note
-------+----------+-------------------------------------------
     0 | D:1      | qw the Gargoyle Fighter began the quest for the Orb.
     0 | D:1      | Reached XP level 1. HP: 14/14 MP: 1/1
     0 | D:1      | 0 ||| qw: Version: 0.2-a-100-g3d2c45e
     0 | D:1      | 0 ||| qw: Game counter: 195
     0 | D:1      | 0 ||| qw: Always use a shield: true
     0 | D:1      | 0 ||| qw: God list: Okawaru
     0 | D:1      | 0 ||| qw: Allow faded altars: false
     0 | D:1      | 0 ||| qw: Do Orc after D:15 true
     0 | D:1      | 0 ||| qw: Do second Lair branch before Depths: true
     0 | D:1      | 0 ||| qw: Lair rune preference: random
     0 | D:1      | 0 ||| qw: Plans: Normal, Zot:1-4, God:TSO, Crypt, Tomb,
                  | Pan, Slime:5, Hells, Abyss, Win
     0 | D:1      | 0 ||| PLANNING D:1-11
    73 | D:1      | Reached skill level 2 in Axes
   172 | D:1      | Reached XP level 2. HP: 15/19 MP: 2/2
   578 | D:1      | 578 ||| UPGRADING to +0 plate armour.
   588 | D:1      | 588 ||| DROPPING +0 scale mail.
   589 | D:1      | 589 ||| READING 3 scrolls labelled VIRHIGU XIUQAEM.
   592 | D:1      | 592 ||| READING scroll labelled XAESAW ROQU VOK.
   593 | D:1      | 593 ||| READING 3 scrolls labelled NOORIO VEUBE.
   814 | D:2      | 814 ||| Stepping ~*~*~tactically~*~*~ (stealth).
   817 | D:2      | 817 ||| Stepping ~*~*~tactically~*~*~ (stealth).
   872 | D:2      | Reached skill level 3 in Axes
  1004 | D:2      | Reached XP level 3. HP: 23/23 MP: 3/3
  1206 | D:2      | 1206 ||| Stepping ~*~*~tactically~*~*~ (stealth).
  1262 | D:2      | Noticed Robin
  1281 | D:2      | Reached XP level 4. HP: 23/28 MP: 4/4
  1285 | D:2      | Killed Robin
  1513 | D:2      | 1513 ||| UPGRADING to +0 pair of gloves.
  1518 | D:2      | 1518 ||| UPGRADING to +0 helmet.
  1523 | D:2      | 1523 ||| READING scroll labelled EDGHEU NISKAU.
  1524 | D:2      | 1524 ||| READING scroll labelled BUQEB VUOL.
  1525 | D:2      | 1525 ||| DRINKING 2 bubbling green potions.
  1525 | D:2      | Gained mutation: You occasionally shout uncontrollably at
                  | your foes. [potion of mutation]
  1525 | D:2      | Gained mutation: You occasionally lose the ability to read
                  | scrolls when taking damage. [potion of mutation]
  1525 | D:2      | Gained mutation: You are vulnerable to heat. (rF-) [potion
                  | of mutation]
  1526 | D:2      | 1526 ||| DRINKING potion of mutation.
  1526 | D:2      | Lost mutation: You are vulnerable to heat. (rF-) [potion of
                  | mutation]
  1526 | D:2      | Lost mutation: You occasionally shout uncontrollably at
                  | your foes. [potion of mutation]
  1526 | D:2      | Lost mutation: You occasionally lose the ability to read
                  | scrolls when taking damage. [potion of mutation]
  1526 | D:2      | Gained mutation: You possess an exceptional clarity of
                  | mind. [potion of mutation]
  1526 | D:2      | Gained mutation: Your body sometimes deteriorates upon
                  | taking damage. [potion of mutation]
  1527 | D:2      | 1527 ||| READING 4 scrolls of identify.
  1527 | D:2      | 1527 ||| IDENTIFYING blue potion
  1598 | D:3      | 1598 ||| Stepping ~*~*~tactically~*~*~ (hiding).
  1604 | D:3      | Reached skill level 4 in Axes
  2045 | D:3      | Noticed Jessica
  2046 | D:3      | 2046 ||| Stepping ~*~*~tactically~*~*~ (hiding).
  2047 | D:3      | 2047 ||| Stepping ~*~*~tactically~*~*~ (hiding).
  2051 | D:3      | 2051 ||| Stepping ~*~*~tactically~*~*~ (hiding).
  2052 | D:3      | 2052 ||| Stepping ~*~*~tactically~*~*~ (hiding).
  2061 | D:3      | Killed Jessica
  2062 | D:3      | Reached XP level 5. HP: 30/32 MP: 5/5
  2127 | D:3      | 2127 ||| Stepping ~*~*~tactically~*~*~ (hiding).
  2133 | D:3      | 2133 ||| Stepping ~*~*~tactically~*~*~ (hiding).
  2231 | D:3      | 2231 ||| Stepping ~*~*~tactically~*~*~ (stealth).
  2268 | D:3      | 2268 ||| Stepping ~*~*~tactically~*~*~ (stealth).
  2270 | D:3      | 2270 ||| Stepping ~*~*~tactically~*~*~ (stealth).
  2309 | D:3      | Noticed Grinder
  2314 | D:3      | Paralysed by Grinder for 2 turns
  2321 | D:3      | Killed Grinder
  2322 | D:3      | Reached skill level 6 in Axes
  2322 | D:3      | Reached XP level 6. HP: 37/37 MP: 6/6
  2478 | D:3      | 2478 ||| READING 2 scrolls labelled ANEVATHR UCSEI.
  2479 | D:3      | 2479 ||| READING scroll labelled ETHALE AN CYFI.
  2480 | D:3      | 2480 ||| READING scroll labelled YBLOUJE AMENASM.
  2481 | D:3      | 2481 ||| READING 4 scrolls of identify.
  2481 | D:3      | 2481 ||| IDENTIFYING viscous cyan potion
  2482 | D:3      | 2482 ||| READING 3 scrolls of identify.
  2482 | D:3      | 2482 ||| IDENTIFYING fizzy brown potion
  2483 | D:3      | 2483 ||| DROPPING scroll of amnesia.
  2484 | D:3      | 2484 ||| DROPPING potion of degeneration.
  2542 | D:4      | HP: 7/37 [orc priest/divine providence (13)]
  2543 | D:4      | 2543 ||| READING 6 scrolls of teleportation.
  2543 | D:4      | Killed from afar by an orc priest

Levels and vault maps discovered:
D:1:      denvon_arrival_waterhouse, layout_basic
D:2:      kennysheep_big_flooded_room, layout_loops_cross,
          amcnicky_mini_pool_small, uniq_robin
D:3:      minmay_razor_zed, layout_basic, uniq_jessica, uniq_grinder
D:4:      layout_rooms, kennysheep_orc_sif_temple

Skill      XL: |  1  2  3  4  5 |
---------------+----------------+-----
Axes           | 2 3 4 6 |  6.1
Fighting       | |  3.3
Armour         | |  3.2
Shields        | |  3.2

Action                     |  1- 3 |  4- 6 || total
---------------------------+-------+-------++-------
  Melee: War axe           |   130 |    96 ||   226
    Use: Scroll            |     3 |     9 ||    12
         Potion            |       |     2 ||     2
 Armour: Scale mail        |    12 |       ||    12
         Plate armour      |    77 |    69 ||   146
  Dodge: Dodged            |    48 |    33 ||    81
  Block: Buckler           |    29 |    18 ||    47

Table legend:
 A = Non-vault XP
 B = Vault XP
 C = Vault XP percentage of total XP
 D = Non-vault monster count
 E = Vault monster count
 F = Vault count percentage of total count
                 A         B        C        D         E       F
            +---------+---------+-------+---------+---------+-------
      Total |      93 |     378 |  80.3 |      46 |      25 |  35.2
            +---------+---------+-------+---------+---------+-------
        D:1 |      18 |       0 |   0.0 |      11 |       0 |   0.0
        D:2 |      30 |      50 |  62.5 |      18 |      13 |  41.9
        D:3 |      45 |     328 |  87.9 |      17 |      12 |  41.4
            +---------+---------+-------+---------+---------+-------
